 Dungeon Crawl Stone Soup version 0.18.1-48-g4cf74bf (webtiles) character file.

56 Alarkh the Bolt Thrower (level 3, -2/27 HPs)
             Began as a Mummy Hunter on Sept 8, 2016.
             Slain by Sigmund
             ... wielding a +0 scythe of slicing
              (7 damage)
             ... on level 1 of the Dungeon.
             The game lasted 00:02:10 (1241 turns).

Alarkh the Bolt Thrower (Mummy Hunter)              Turns: 1241, Time: 00:02:11

Health: -2/27      AC:  8    Str: 15    XL:     3   Next: 71%
Magic:  3/3        EV: 11    Int: 11    God:
Gold:   51         SH:  0    Dex: 12    Spells: 0 memorised, 2 levels left

rFire  x . .     SeeInvis .     a - +1 hand crossbow
rCold  + + .     Gourm    .     k - +1 ring mail {rC+}
rNeg   + + +     Faith    .     (no shield)
rPois  ∞         Spirit   .     j - +0 helmet
rElec  .         Dismiss  .     i - +0 cloak
rCorr  .         Reflect  .     (no gloves)
SustAt .         Harm     .     (no boots)
MR     .....                    (no amulet)
Stlth  +.........               (no ring)
                                (no ring)

@: not resistant to hostile enchantments, very unstealthy
A: no food or potions, fire vulnerability, cold resistance 1, negative energy
resistance 3, torment resistance, unbreathing
a: no special abilities


You were on level 1 of the Dungeon.
You were not hungry.

You visited 1 branch of the dungeon, and saw 2 of its levels.

You collected 51 gold pieces.

Inventory:

Hand Weapons
 a - a +1 hand crossbow (weapon)
 b - a +0 short sword
Missiles
 d - 18 bolts (quivered)
Armour
 c - a +0 leather armour
 i - a +0 cloak (worn)
 j - a +0 helmet (worn)
 k - a +1 ring mail of cold resistance (worn)
Scrolls
 e - a scroll of identify
 f - a scroll of amnesia
 g - a scroll of remove curse {unknown}
 h - a scroll of teleportation
 l - a scroll of noise {unknown}


   Skills:
 - Level 2.0 Fighting
 + Level 4.4 Crossbows
 - Level 1.5 Dodging
 - Level 0.7 Stealth


You had 2 spell levels left.
You didn't know any spells.

Dungeon Overview and Level Annotations

Branches:
Dungeon (2/15)

Altars:

Annotations:
D:2 Sigmund


Innate Abilities, Weirdness & Mutations

You do not eat or drink.
Your flesh is vulnerable to fire.
You are immune to poison.
Your flesh is cold resistant.
You are immune to negative energy.
You are immune to unholy pain and torment.
You can survive without breathing.


Message History

A puff of flame appears from out of thin air!
The puff of flame hits you!
You hear a zap.
Something tries to affect you, but you resist.
Something hits you!
* * * LOW HITPOINT WARNING * * *
x2 Something hits you but does no damage.
You hear some strange, mumbled words.
A magic dart appears from out of thin air!
The magic dart hits you!
* * * LOW HITPOINT WARNING * * *
There is a stone staircase leading up here.
You hear some strange, mumbled words.
Something tries to affect you, but you resist.
You climb upwards.
There is a stone staircase leading down here.
You start resting.
You hear a zap.
Something hits you!
You die...

# #.## #.# #
#..# #.# #
##.###.# #
#..##.# #
##.##.# #
#.##.# #
#.##.#########
#
#.#.>........#
#
#..@########.#
#
####.........#
######
#.#######.#
).†((# #.# #.#
####.# #.# ###
# #.# #.# #
#.# #.# # #.#
#.# # #.#
#.#########


There were no monsters in sight!

Vanquished Creatures
  Ijyb (D:2)
  An adder (D:2)
  A dart slug (D:1)
  A bat (D:1)
  3 giant cockroaches
  2 goblins
  2 hobgoblins
  2 jackals (D:1)
  2 kobolds (D:1)
  3 giant newts
  2 rats
20 creatures vanquished.

Vanquished Creatures (others)
  5 toadstools (D:1)
5 creatures vanquished.

Grand Total: 25 creatures vanquished

Notes
Turn   | Place    | Note
--------------------------------------------------------------
     0 | D:1      | Alarkh the Mummy Hunter began the quest for the Orb.
     0 | D:1      | Reached XP level 1. HP: 16/16 MP: 1/1
   184 | D:1      | Reached XP level 2. HP: 22/22 MP: 2/2
   865 | D:2      | Noticed Ijyb
   870 | D:2      | Killed Ijyb
   870 | D:2      | Reached skill level 4 in Crossbows
   870 | D:2      | Reached XP level 3. HP: 27/27 MP: 3/3
   966 | D:2      | Noticed Sigmund
  1241 | D:1      | Slain by Sigmund

Skill      XL: |  1  2 |
---------------+-------+-----
Crossbows      | 4 |  4.4
Fighting       | |  2.0
Dodging        | |  1.5
Stealth        | |  0.7

Action                   || total
-------------------------++-------
Melee: Short sword       ||     3
 Fire: Hand crossbow     ||    53
  Use: Scroll            ||     2
Armor: Leather armour    ||     4
       Ring mail         ||     5
Dodge: Dodged            ||    15
